 Dungeon Crawl Stone Soup version 0.21.1-1-g345015f (webtiles) character file.

138 Kuinu the Firebug (level 5, -2/38 HPs)
             Began as a Draconian Fire Elementalist on July 20, 2018.
             Killed by divine providence
             ... invoked by an orc priest
              (16 damage)
             ... on level 4 of the Dungeon.
             The game lasted 00:18:59 (3400 turns).

Kuinu the Firebug (Draconian Fire Elementalist)     Turns: 3400, Time: 00:19:00

Health: -2/38      AC: 10    Str: 10    XL:     5   Next: 1%
Magic:  7/9        EV: 12    Int: 16    God:
Gold:   113        SH:  0    Dex: 12    Spells: 4/10 levels left

rFire    . . .     SeeInvis .   d - +0 dagger
rCold    . . .     Gourm    .   (no shield)
rNeg     . . .     Faith    .   (armour unavailable)
rPois    .         Spirit   .   (helmet restricted)
rElec    .         Reflect  .   (no cloak)
rCorr    .         Harm     .   (no gloves)
MR       .....                  (no boots)
Stlth    ++........             f - amulet of magic regeneration
HPRegen  0.12/turn              u - +5 ring of protection
MPRegen  0.36/turn              (no ring)

@: no status effects
A: unfitting armour, cold-blooded, AC +5
a: no special abilities


You were on level 4 of the Dungeon.
You were not hungry.

You visited 1 branch of the dungeon, and saw 4 of its levels.

You collected 113 gold pieces.

Inventory:

Hand Weapons
 d - a +0 dagger (weapon)
 e - a +0 hand axe
 g - a +0 hunting sling of flaming
 h - a +0 club
 q - a +0 quarterstaff
Missiles
 i - 137 stones (quivered)
Armour
 c - a +0 robe
Jewellery
 f - an amulet of magic regeneration (around neck)
 u - a +5 ring of protection (left hand)
Wands
 y - a wand of disintegration (4)
Scrolls
 j - a scroll of teleportation {unknown}
 k - 2 scrolls of blinking {unknown}
 o - 3 scrolls of identify {unknown}
 p - a scroll of amnesia {unknown}
 v - a scroll of magic mapping {unknown}
Potions
 l - a potion of heal wounds {unknown}
 m - 3 potions of magic {unknown}
 n - a potion of degeneration {unknown}
 t - a potion of ambrosia {unknown}
 w - a potion of berserk rage {unknown}
 x - a potion of brilliance {unknown}
Books
 a - a book of Flames

   Spells                             Type                      Level
   a - Flame Tongue                   Conjuration/Fire             1
   b - Throw Flame                    Conjuration/Fire             2
   c - Conjure Flame                  Conjuration/Fire             3
   d - Inner Flame                    Hexes/Fire                   3
   e - Sticky Flame                   Conjuration/Fire             4
   f - Fireball                       Conjuration/Fire             5
 s - a book of Misfortune

   Spells                             Type                      Level
   a - Confusing Touch                Hexes                        1
   b - Confuse                        Hexes                        3
   c - Gell's Gravitas                Translocation                3
   d - Petrify                        Transmutation/Earth          4
   e - Metabolic Englaciation         Hexes/Ice                    5
   f - Yara's Violent Unravelling     Hexes/Transmutation          5
Comestibles
 b - a ration
 r - 3 chunks of flesh


   Skills:
 + Level 2.5 Dodging
 + Level 2.4 Stealth
 * Level 3.0 Spellcasting
 + Level 1.8 Conjurations
 * Level 3.9 Fire Magic


You had 4 spell levels left.
You knew the following spells:

 Your Spells              Type           Power        Failure   Level  Hunger
a - Flame Tongue          Conj/Fire      ##...        5%          1    #......
b - Throw Flame           Conj/Fire      ##....       9%          2    ##.....
c - Inner Flame           Hex/Fire       #.......     24%         3    ###....


Dungeon Overview and Level Annotations

Branches:
Dungeon (4/15)
 Temple: D:4-7

Altars:
The Shining One

Annotations:
D:4 Dowan, Duvessa


Innate Abilities, Weirdness & Mutations

Your plain brown scales are hard. (AC +5)
You cannot fit into any form of body armour.
You are cold-blooded and may be slowed by cold attacks.


Message History

The orc priest is lightly wounded.
The orc priest mumbles some strange prayers to Beogh against you.
Pain shoots through your body!
The orc priest invokes the aid of Beogh against you.
Beogh smites you!
The orc priest looks satisfied for a moment.
The frilled lizard bites you but does no damage.
Casting: Throw Flame
Confirm with . or Enter, or press ? or * to list all spells.
Aiming: Flame Tongue
Press: ? - help, Shift-Dir - straight line, f/p - orc priest
Aim: an orc priest, wielding a mace and wearing a leather armour (lightly wounded)
The flame tongue misses the frilled lizard.
The flame tongue hits the orc priest.
The orc priest is moderately wounded.
The frilled lizard barely misses you.
The orc priest casts a cantrip, but nothing happens.
The orc priest calls down the wrath of Beogh upon you.
Beogh smites you!
You die...

#........................#
#.........###########'####
#'#####...# ..... #.......
#....##..o##..... #.......
#....#..รท........
#....... #....#...........
#....... #....#...l######+
#....... #....#....#
...).... #....#...@#
......... #ee..##<..#
##+####...+ #...# #...#
....# .....# ......#
######


You could see an orc priest and a frilled lizard.

Vanquished Creatures
  A bullfrog (D:4)
  An adder (D:3)
  An ooze (D:1)
  A worm (D:2)
  A leopard gecko (D:1)
  2 orcs (D:4)
  3 giant cockroaches
  5 goblins
  4 hobgoblins
  12 jackals
  2 quokkas
  2 ball pythons (D:3)
  5 bats
  3 frilled lizards
  7 kobolds
  9 rats
59 creatures vanquished.

Notes
Turn   | Place    | Note
-------+----------+-------------------------------------------
     0 | D:1      | Kuinu the Draconian Fire Elementalist began the quest for the Orb.
     0 | D:1      | Reached XP level 1. HP: 14/14 MP: 3/3
   655 | D:1      | Reached XP level 2. HP: 20/20 MP: 3/5
   663 | D:1      | Learned a level 2 spell: Throw Flame
  1335 | D:2      | Reached XP level 3. HP: 26/26 MP: 4/6
  2304 | D:3      | Learned a level 3 spell: Inner Flame
  2316 | D:3      | Found a glowing golden altar of the Shining One.
  2542 | D:3      | Reached XP level 4. HP: 33/33 MP: 5/8
  3321 | D:4      | Noticed a bullfrog
  3331 | D:4      | Killed a bullfrog
  3346 | D:4      | Noticed Duvessa
  3346 | D:4      | Noticed Dowan
  3372 | D:4      | Reached XP level 5. HP: 35/38 MP: 1/9
  3400 | D:4      | Killed from afar by an orc priest

Skill      XL: |  1  2  3  4 |
---------------+-------------+-----
Dodging        | 2 |  2.5
Stealth        | 2 |  2.4
Spellcasting   | 3 |  3.0
Conjurations   | |  1.8
Fire Magic     | |  3.9

Action                   |  1- 3 |  4- 6 || total
-------------------------+-------+-------++-------
Melee: Dagger            |    18 |       ||    18
       Tailslap          |     1 |       ||     1
 Cast: Flame Tongue      |    70 |    16 ||    86
       Throw Flame       |    13 |    11 ||    24
       Inner Flame       |       |     1 ||     1
  Eat: Ration            |     2 |     1 ||     3
       Chunk             |     1 |     1 ||     2
Armor: Skin              |    25 |     2 ||    27
Dodge: Dodged            |    46 |     9 ||    55
